 Dungeon Crawl Stone Soup version 0.27-a0-869-g165b36e3f0 (webtiles) character file.

Game seed: 7965651370074041879

62 tilp the Skirmisher (level 4, 0/52 HPs)
             Began as an Ogre Warper on Apr 2, 2021.
             Was an Initiate of Nemelex Xobeh.
             Slain by Jessica
             ... wielding a +0 club
              (7 damage)
             ... on level 3 of the Dungeon.
             The game lasted 00:05:45 (2951 turns).

tilp the Skirmisher (Ogre Warper)                   Turns: 2951, Time: 00:05:45

Health: 0/52       AC:  4    Str: 15    XL:     4   Next: 8%
Magic:  7/7        EV:  9    Int: 21    God:    Nemelex Xobeh [......]
Gold:   13         SH:  0    Dex:  8    Spells: 5/7 levels left

rFire    . . .     SeeInvis .   a - +0 mace
rCold    . . .     Faith    .   (no shield)
rNeg     . . .     Spirit   .   b - +1 robe
rPois    .         Reflect  .   (helmet restricted)
rElec    .         Harm     .   (no cloak)
rCorr    .         Rampage  .   (gloves unavailable)
Will     .....                  (boots unavailable)
Stlth    +.........             f - amulet of magic regeneration
HPRegen  0.17/turn              o - +6 ring of intelligence
MPRegen  0.35/turn              (no ring)

@: mighty
A: large, unfitting armour, tough skin 1
a: Renounce Religion, Draw Escape, Draw Destruction, Draw Summoning


You were on level 3 of the Dungeon.
You worshipped Nemelex Xobeh.
Nemelex Xobeh was noncommittal.
You visited 1 branch of the dungeon, and saw 3 of its levels.

You collected 79 gold pieces.
You spent 66 gold pieces at shops.

Inventory:

Hand Weapons
 a - a +0 mace (weapon)
Missiles
 e - 5 boomerangs of dispersal {!f}
 g - 102 stones (quivered)
Armour
 b - a +1 robe (worn)
Jewellery
 f - an amulet of magic regeneration (around neck)
 o - a +6 ring of intelligence (left hand)
Scrolls
 d - 3 scrolls of blinking
 h - a scroll of torment {unknown}
 j - a scroll of amnesia {unknown}
 k - a scroll of brand weapon {unknown}
 l - a scroll of enchant armour
 m - 2 scrolls of teleportation
 q - a scroll of fog {unknown}
Potions
 c - a potion of resistance
 i - a potion of brilliance


   Skills:
 + Level 5.6 Fighting
 - Level 1.7 Maces & Flails
 - Level 1.0 Throwing
 - Level 2.1 Dodging
 - Level 2.4 Spellcasting
 - Level 2.6 Translocations


You had 5 spell levels left.
You knew the following spells:

 Your Spells              Type           Power      Damage    Failure   Level
a - Blink                 Tloc           N/A        N/A       7%          2

Your spell library contained the following spells:

 Spells                   Type           Power      Damage    Failure   Level
 Apportation              Tloc           26%        N/A       4%          1
 Gell's Gravitas          Tloc           6%         N/A       14%         3
 Lesser Beckoning         Tloc           6%         N/A       14%         3
 Teleport Other           Tloc           13%        N/A       14%         3
 Tukima's Dance           Hex            2%         N/A       38%         3
 Manifold Assault         Tloc           13%        N/A       78%         5
 Alistair's Intoxication  Tmut/Pois      1%         N/A       98%         5
 Invisibility             Hex            2%         N/A       100%        6


Dungeon Overview and Level Annotations

Branches:
Dungeon (3/15)

Altars:
Nemelex Xobeh

Shops:
D:2 *?[?   D:3 (

Annotations:
D:3 Jessica


Innate Abilities, Weirdness & Mutations

You are too large for most types of armour.
You have tough skin. (AC +1)


Message History

Jessica blinks!
The adder closely misses you. Jessica barely misses you.
You barely miss the adder.
The adder is severely wounded.
The adder bites you. Jessica barely misses you. The adder bites you.
Jessica hits you with a +0 club.
You closely miss Jessica.
Jessica casts a spell.
Jessica blinks!
The adder bites you but does no damage. x2
You closely miss the adder.
The adder is severely wounded.
The adder bites you. x2
You closely miss the adder.
The adder is severely wounded.
The adder closely misses you. The adder bites you.
You barely miss the adder.
The adder is severely wounded.
Jessica casts a spell.
Jessica blinks!
The adder barely misses you.
You hit the adder.
The adder is almost dead.
The adder bites you but does no damage. The adder bites you.
You sock the adder!
You kill the adder!
Jessica points at you and mumbles some strange words.
Pain shoots through your body!
* * * LOW HITPOINT WARNING * * *
You have reached level 4!
It was a potion of might.
You feel very mighty all of a sudden.
Jessica points at you and mumbles some strange words.
Pain shoots through your body!
* * * LOW HITPOINT WARNING * * *
Unknown command.
It was a potion of curing.
You feel better.
Unknown command.
You closely miss Jessica. Jessica hits you with a +0 club.
* * * LOW HITPOINT WARNING * * *
Jessica hits you with a +0 club!
You die...
Your body disappears without a glow.

####......#####.<.
##...### #...
#...# ##.# #...#
###.# #+# #...#
##...# ###.# ##.##
#..#.# ...#
######.# #.⌠.⌠#
#####.#####......#
#..∩.#
#.........@@######
##⌠.⌠#
#.#.....#####
###.# ##...## #.#
........## #..
#######.# ### #.#
#.# #.# #.#


You could see Jessica (fast).

Vanquished Creatures
  2 adders (D:3)
  A dart slug (D:1)
  3 bats
  5 endoplasms
  3 giant cockroaches
  3 goblins
  2 hobgoblins
  4 jackals
  2 quokkas (D:1)
  3 ball pythons (D:1)
  2 frilled lizards
  4 kobolds
  5 rats
39 creatures vanquished.

Notes
Turn   | Place    | Note
-------+----------+-------------------------------------------
     0 | D:1      | tilp the Ogre Warper began the quest for the Orb.
     0 | D:1      | Reached XP level 1. HP: 22/22 MP: 3/3
    34 | D:1      | Reached skill level 3 in Fighting
   425 | D:1      | Reached XP level 2. HP: 32/32 MP: 5/5
   428 | D:1      | Learned a level 2 spell: Blink
   464 | D:1      | Reached skill level 4 in Fighting
  1013 | D:1      | Reached XP level 3. HP: 34/40 MP: 6/6
  1469 | D:2      | Found Meqinico's Magic Scroll Shoppe.
  1474 | D:2      | Bought a scroll of identify for 22 gold pieces
  1474 | D:2      | Bought a scroll of noise for 11 gold pieces
  1489 | D:2      | Found Nocaveun's Armour Shop.
  1818 | D:2      | Found Vidian Idog's Magic Scroll Boutique.
  1851 | D:2      | Bought a scroll of teleportation for 33 gold pieces
  1903 | D:2      | Found a sparkling altar of Nemelex Xobeh.
  2022 | D:2      | Became a worshipper of Nemelex Xobeh the Trickster
  2157 | D:2      | Reached skill level 5 in Fighting
  2234 | D:2      | Found Ydooj's Assorted Antiques.
  2642 | D:3      | Found Omemm's Weapon Boutique.
  2928 | D:3      | Noticed Jessica
  2949 | D:3      | Reached XP level 4. HP: 12/52 MP: 7/7
  2949 | D:3      | HP: 1/52 [Jessica/nerve-wracking pain (11)]
  2951 | D:3      | Slain by Jessica

Illustrated notes

Levels and vault maps discovered:
D:1:      wander_arrival_estate, layout_rooms
D:2:      layout_basic, basic_altar, serial_shops, shop, shop,
          nicolae_shop_crystal, shop_scrolls
D:3:      layout_loops_corners, serial_shops, shop_fountains,
          ebering_ecumenical_altar_rust, uniq_jessica

Skill      XL: |  1  2  3 |
---------------+----------+-----
Fighting       | 3 4 5 |  5.6
Maces & Flails | |  1.7
Throwing       | |  1.0
Dodging        | |  2.1
Spellcasting   | |  2.4
Translocations | |  2.6

Action                   |  1- 3 |  4- 6 || total
-------------------------+-------+-------++-------
Melee: Mace              |   170 |     1 ||   171
Throw: Stone             |    12 |       ||    12
 Cast: Blink             |     3 |       ||     3
  Use: Scroll            |     3 |       ||     3
       Potion            |       |     2 ||     2
 Stab: Sleeping          |     1 |       ||     1
Armor: Robe              |    97 |       ||    97
Dodge: Dodged            |   119 |       ||   119

Table legend: (Time is in decaauts)
 A = Elapsed time spent in this place.
 B = Non-inter-level travel time spent in this place.
 C = Inter-level travel time spent in this place.
 D = Time resting spent in this place.
 E = Time spent auto-exploring this place.
 F = Levels seen in this place.
 G = Mean time per level.
                   A        B        C        D        E       F      G
               +--------+--------+--------+--------+--------+-----+--------+
         Total |   3007 |   2854 |    153 |    839 |   1564 |   3 | 1002.3 |
       Dungeon |   3007 |   2854 |    153 |    839 |   1564 |   3 | 1002.3 |
               +--------+--------+--------+--------+--------+-----+--------+

Top non-repeatable levels by time:
     D:2: 1374 daAuts
     D:1: 1354 daAuts
     D:3: 279 daAuts
